[Event "Asian Zonal-ch 3.5 Women 2019"]
[Site "Zi Bo"]
[Date "2019.09.10"]
[Round "10.4"]
[White "Zhai, Mo"]
[Black "Li, Xueyi"]
[Result "1-0"]
[ECO "D11"]
[WhiteElo "2360"]
[BlackElo "2323"]
[Annotator "NA"]
[PlyCount "89"]
[EventDate "2019.09.05"]
[EventType "swiss"]
[EventCountry "CHN"]
[SourceTitle "playchess.com"]
[Source "ChessBase"]
[SourceQuality "1"]
[TimeControl "5400+30"]

1. d4 d5 2. c4 c6 3. Nf3 Nf6 4. Qc2 g6 5. Bf4 Bg7 6. e3 O-O 7. Nbd2 {[%emt 0:08:57] D11: Slav Defence: 3 Nf3 sidelines and 3...Nf6 4 e3 Bg4} (7. cxd5 Bf5 8. Qb3 Bxb1 9. Rxb1 Qa5+ 10. Nd2 Nxd5 11. Bg3 e5 12. dxe5 Nd7 13. Qa3 Qxa3 14. bxa3 b5 {0-1 (57) Romanov,E (2611)-Saric,I (2689) Biograd 2018}) 7... Bf5 8. Qb3 b6 (8... Qb6 $11 {remains equal.}) 9. cxd5 Qxd5 $146 ({Predecessor:} 9... cxd5 10. Rc1 Nbd7 11. Ba6 {1-0 (11) Chiong Zacarias,R (2387)-Yee,L (2084) North Bay 1999}) 10. Bc4 Qd8 11. O-O b5 12. Be2 Nbd7 13. h3 Ne4 14. Rfd1 a6 15. Nxe4 Bxe4 16. Ng5 Bd5 17. Qc2 h6 18. Nf3 Rc8 (18... f5 $14) 19. e4 Be6 20. Rac1 Qa5 21. b3 Qa3 22. Qd2 Kh7 23. Ne1 b4 $18 (23... Rfd8 $16 {was worth a try.}) 24. Nc2 Qxa2 25. Nxb4 Qxd2 26. Rxd2 Bxb3 27. Bxa6 Rce8 28. Nxc6 e5 29. Bg3 exd4 30. Nxd4 Bxd4 31. Rxd4 Nf6 32. Bb7 Rd8 33. Be5 Rxd4 34. Bxd4 Rb8 35. Bc6 Rc8 36. Rc3 Rxc6 37. Rxc6 Nxe4 38. h4 h5 39. Rc8 g5 40. Rh8+ Kg6 41. Rg8+ Kh7 42. Rg7+ Kh6 43. f3 f6 44. Rb7 Bd5 45. Rd7 1-0

[Event "Asian Zonal-ch 3.5 Women 2019"]
[Site "Zi Bo"]
[Date "2019.09.10"]
[Round "10.5"]
[White "Gu, Tianlu"]
[Black "Li, Yunshan"]
[Result "0-1"]
[ECO "B11"]
[WhiteElo "2239"]
[BlackElo "2261"]
[Annotator "NA"]
[PlyCount "106"]
[EventDate "2019.09.05"]
[EventType "swiss"]
[EventCountry "CHN"]
[SourceTitle "playchess.com"]
[Source "ChessBase"]
[SourceQuality "1"]
[TimeControl "5400+30"]

1. e4 c6 2. Nc3 d5 3. Nf3 dxe4 4. Nxe4 Nf6 5. Qe2 Nxe4 6. Qxe4 Qd5 {[%emt 0:02:48] B11: Caro-Kann: Two Knights Variation} (6... Qa5 7. Bd3 Na6 8. Qe5 Qxe5+ 9. Nxe5 Nb4 10. Be4 f6 11. c3 Nd5 12. Nf3 a5 13. d4 a4 14. Bd2 {½-½ (41) Adams,M (2703)-Howell,D (2696) London 2018}) 7. Qf4 Qf5 8. d3 Qxf4 9. Bxf4 g6 $146 ({Predecessor:} 9... f6 10. O-O-O e5 11. Be3 c5 12. Nd2 Nc6 13. g3 Bd7 14. Bg2 {0-1 (78) Popov,I (2588)-Swapnil,S (2487) New Delhi 2019}) 10. Be2 Bg7 11. O-O-O Nd7 12. Rhe1 O-O 13. Bf1 Re8 14. h3 Nb6 15. Kb1 h6 16. Be5 Bd7 17. Bxg7 Kxg7 18. Ne5 Be6 19. f4 Nd5 20. g3 h5 21. Bg2 Rad8 22. c4 Nf6 23. Kc2 Rd4 24. Kc3 Red8 {[%emt 0:06:06] [#]} 25. Nf3 ({White should play} 25. Bxc6 $1 $14 bxc6 26. Nxc6 {[%mdl 64] Double Attack}) 25... R4d6 26. d4 b5 27. b3 bxc4 28. bxc4 c5 29. d5 Bf5 30. g4 ({Of course not} 30. Rxe7 Ne4+ 31. Rxe4 Bxe4 $19) (30. Nh4 $15) 30... hxg4 31. hxg4 Nxg4 ({Don't play} 31... Bxg4 32. Rxe7 Ra6 33. Rb1 $15) 32. Rxe7 Nf2 33. Rde1 Nd3 {[%emt 0:00:34] Double Attack} 34. Rg1 (34. Rb1 $17 Nxf4 35. Rbb7) 34... Nxf4 35. Nh4 (35. Ng5 $17 R8d7 36. Ree1) 35... Kf6 $19 36. Re3 Ra6 37. Nxf5 gxf5 38. Bf3 Ra3+ 39. Kd2 Rxa2+ 40. Kc3 Rb8 41. Rge1 Rab2 42. Bd1 Ng2 43. R3e2 Nxe1 44. Rxb2 Rxb2 45. Kxb2 Nd3+ 46. Kc3 Nf2 47. Bf3 Ne4+ 48. Kd3 Ke5 49. Be2 Kf4 50. Bh5 Nd6 51. Ke2 Ke4 52. Kf2 Kd4 53. Be2 a5 0-1

[Event "Asian Zonal-ch 3.5 Women 2019"]
[Site "Zi Bo"]
[Date "2019.09.10"]
[Round "10.8"]
[White "Yuan, Ye"]
[Black "Bai, Xue"]
[Result "1/2-1/2"]
[ECO "A30"]
[WhiteElo "2092"]
[BlackElo "2093"]
[Annotator "NA RC"]
[PlyCount "55"]
[EventDate "2019.09.05"]
[EventType "swiss"]
[EventCountry "CHN"]
[SourceTitle "playchess.com"]
[Source "ChessBase"]
[SourceQuality "1"]
[TimeControl "5400+30"]

1. Nf3 Nf6 2. g3 e6 3. Bg2 d5 4. O-O c5 5. c4 Nc6 6. d3 {[%emt 0:00:42] A30: Symmetrical English: Double Fianchetto and Hedgehog} (6. d4 Be7 7. cxd5 Nxd5 8. dxc5 Bxc5 9. a3 O-O 10. b4 Be7 11. Bb2 Bf6 12. Bxf6 Qxf6 13. Ra2 Bd7 14. Qc1 Rfc8 15. Qb2 a5 16. bxa5 Qxb2 17. Rxb2 Nxa5 18. Ne5 Be8 {0-1 (38) Blomqvist,E (2567)-Safarli,E (2691) London 2016}) 6... dxc4 7. dxc4 Qxd1 8. Rxd1 Bd7 9. Nc3 O-O-O $146 ({Predecessor:} 9... a6 10. Na4 O-O-O 11. Bf4 e5 12. Bxe5 Nxe5 13. Nxe5 Bxa4 14. Rxd8+ Kxd8 15. Nxf7+ {1-0 (52) Speer,D (1820)-Weng,P (1778) Muenster 2005}) 10. Bf4 Nh5 11. Bg5 Nf6 12. Rd2 Be7 13. Rad1 h6 14. Bf4 g5 15. Bd6 Bxd6 16. Rxd6 g4 17. Nh4 Ne5 18. b3 Bc6 19. Rxd8+ Rxd8 20. Rxd8+ Kxd8 21. Kf1 Kc7 22. Ke1 a6 23. Kd2 Bxg2 24. Nxg2 Kc6 25. a4 Kc7 26. Kc2 $11 Kc6 27. Kd2 Kc7 28. Kc2 1/2-1/2

[Event "Asian Zonal-ch 3.5 Women 2019"]
[Site "Zi Bo"]
[Date "2019.09.10"]
[Round "10.9"]
[White "Ha, Yihan"]
[Black "Cai Youyang"]
[Result "0-1"]
[ECO "D36"]
[WhiteElo "1580"]
[BlackElo "1910"]
[Annotator "NA RC"]
[PlyCount "91"]
[EventDate "2019.09.05"]
[EventType "swiss"]
[EventCountry "CHN"]
[SourceTitle "playchess.com"]
[Source "ChessBase"]
[SourceQuality "1"]
[TimeControl "5400+30"]

1. d4 d5 2. c4 e6 3. Nc3 Nf6 4. cxd5 exd5 5. Bg5 c6 6. e3 Be7 7. Bd3 h6 8. Bh4 O-O 9. Qc2 Nbd7 10. Nge2 Re8 11. O-O Nf8 12. Rab1 Ne6 {[%emt 0:01:49] D36: Queen's Gambit Declined: Exchange Variation: Main line (5 Bg5 c6 6 Qc2)} (12... a5 13. Rbe1 Ne4 14. Bxe7 Qxe7 15. Bxe4 dxe4 16. Ng3 b6 17. Rc1 Ba6 18. Rfe1 Bd3 19. Qd1 Qe6 20. f3 {½-½ (36) Vayser,V (2457)-Dimov,I (2497) ICCF email 2012}) 13. b4 b6 14. b5 $146 ({Predecessor:} 14. Bxf6 Bxf6 15. b5 Bd7 16. bxc6 Bxc6 17. Bb5 Qd7 18. Qf5 Red8 19. Bd3 Nf8 20. Rfc1 Qxf5 21. Bxf5 {1-0 (59) Blondel,F (1975)-Kuerten,D (2139) ICCF email 2013}) 14... c5 15. dxc5 bxc5 16. Bxf6 Bxf6 {[%emt 0:00:46] [#]} 17. Nxd5 $1 Bb7 18. Nxf6+ Qxf6 19. f3 Rad8 20. Rbe1 Ng5 21. Nf4 Qb6 {[%emt 0:01:32] [#]} (21... Ne6 $16) 22. Bc4 $1 Ne6 23. Nxe6 fxe6 24. Qg6 Bd5 25. Bd3 e5 26. a4 $2 (26. Qh7+ $18 Kf8 27. Be4) 26... e4 27. Qxb6 axb6 28. fxe4 Bb3 29. Be2 Rxe4 30. Bd1 (30. a5 $11) 30... Bxa4 31. Bxa4 Rxa4 32. Rb1 Rd3 33. Kf2 Ra2+ 34. Kf3 Rdd2 35. Rg1 Rab2 36. Ke4 Rxg2 37. Kd5 Rxb5 38. Rxb5 Rxg1 39. Rxb6 Rg5+ 40. Kc4 (40. Kd6 $1 $11) 40... Re5 41. Rb3 Kf7 $19 42. Rd3 Kf6 43. Rd5 Rxe3 44. Kxc5 Re2 45. h4 Re5 46. Kd4 0-1

[Event "Asian Zonal-ch 3.5 Women 2019"]
[Site "Zi Bo"]
[Date "2019.09.10"]
[Round "10.10"]
[White "Zhao, Shengxin"]
[Black "Wang, Yuehan"]
[Result "1/2-1/2"]
[ECO "E01"]
[WhiteElo "2162"]
[BlackElo "1600"]
[Annotator "NA"]
[PlyCount "96"]
[EventDate "2019.09.05"]
[EventType "swiss"]
[EventCountry "CHN"]
[SourceTitle "playchess.com"]
[Source "ChessBase"]
[SourceQuality "1"]
[TimeControl "5400+30"]

1. d4 Nf6 2. c4 ({Predecessor:} 2. Nf3 d5 3. c4 e6 4. g3 c6 5. Nbd2 Bd6 6. Bg2 Nbd7 7. Qc2 b6 8. cxd5 cxd5 9. Qc6 Qc7 10. Qxa8 O-O {0-1 (59) Goepfert,J (2023)-Urban,R (2052) Hamburg 2016}) 2... e6 3. g3 d5 4. Bg2 c6 5. Nf3 Nbd7 6. Qc2 Bd6 7. O-O O-O 8. Nbd2 b6 9. cxd5 $146 {[%emt 0:05:17] E01: Catalan: Early deviations} (9. e4 dxe4 10. Nxe4 Nxe4 11. Qxe4 Bb7 12. Bg5 Qc7 13. Rad1 Rae8 14. Rfe1 c5 15. Qe2 e5 16. dxe5 Nxe5 17. Nxe5 Rxe5 18. Qd2 Bxg2 19. Kxg2 Qc6+ {½-½ (60) Harika,D (2513)-Gunina,V (2516) Rome 2015}) 9... cxd5 10. Qc6 Qc7 11. Qxa8 Ba6 12. Qxf8+ $1 Kxf8 13. Re1 Qc2 14. Bf1 Ne4 15. e3 Bxf1 16. Rxf1 Ndf6 17. a3 a5 (17... h5 $19 18. h4 {[#]} Bxg3 $1 19. fxg3 Nxg3) 18. b4 a4 19. Rb1 Qd3 20. Ne1 Qc3 21. Ndf3 (21. Nef3 $17) 21... g5 22. Ne5 Bxe5 23. dxe5 Qxe5 24. b5 Nc3 25. Rb2 g4 26. f4 Qe4 $19 27. Rb4 d4 28. Rf2 dxe3 29. Rc2 Qd5 30. Rxc3 Qd1 31. Kf1 Nd5 32. Rc8+ Kg7 33. Re4 Qb3 34. Rd4 Qxb5+ 35. Nd3 Qb1 36. Ke2 Ne7 37. Rb4 Qa2+ 38. Bb2+ Kh6 39. Rc2 Qd5 40. Kxe3 Qf3+ 41. Kd2 Nd5 42. Bd4 Qg2+ 43. Kd1 Qf3+ 44. Kd2 Qg2+ 45. Kd1 Qf3+ 46. Kd2 Qg2+ 47. Kd1 Qf3+ 48. Kd2 Qg2+ 1/2-1/2

[Event "Asian Zonal-ch 3.5 Women 2019"]
[Site "Zi Bo"]
[Date "2019.09.10"]
[Round "10.11"]
[White "Zhou, Zirun"]
[Black "Xue, Yue"]
[Result "1-0"]
[ECO "D79"]
[WhiteElo "2155"]
[BlackElo "1678"]
[Annotator "RC"]
[PlyCount "63"]
[EventDate "2019.09.05"]
[EventType "swiss"]
[EventCountry "CHN"]
[SourceTitle "playchess.com"]
[Source "ChessBase"]
[SourceQuality "1"]
[TimeControl "5400+30"]

1. d4 Nf6 2. c4 g6 3. Nf3 Bg7 4. Nc3 d5 5. g3 O-O 6. Bg2 c6 7. cxd5 cxd5 8. O-O Nc6 9. Ne5 Bf5 10. e3 Ne4 11. Nxc6 bxc6 12. Nxe4 Bxe4 13. Bxe4 dxe4 14. Qc2 Qd5 15. Bd2 Rfd8 16. Bb4 e5 17. dxe5 Qxe5 18. Bc3 Qe6 19. Bxg7 Kxg7 20. b3 Rd5 21. Rac1 Rh5 22. Qc3+ Kh6 23. f4 exf3 24. Rxf3 Rc8 25. Rf6 Qe7 26. Rcf1 Rc5 27. Rxf7 Qxf7 28. Qxc5 Qd7 29. Qd4 Qe7 30. Rf4 g5 31. Rf6+ Kh5 32. g4+ 1-0

[Event "Asian Zonal-ch 3.5 Women 2019"]
[Site "Zi Bo"]
[Date "2019.09.10"]
[Round "10.12"]
[White "Zhao, Caidi"]
[Black "Zhang, Yuxuan"]
[Result "0-1"]
[ECO "B49"]
[WhiteElo "1540"]
[BlackElo "1979"]
[Annotator "NA RC"]
[PlyCount "110"]
[EventDate "2019.09.05"]
[EventType "swiss"]
[EventCountry "CHN"]
[SourceTitle "playchess.com"]
[Source "ChessBase"]
[SourceQuality "1"]
[TimeControl "5400+30"]

1. e4 c5 2. Nf3 Nc6 3. d4 cxd4 4. Nxd4 e6 5. Nc3 a6 6. a3 Qc7 7. Be3 Nf6 8. Be2 b5 9. Nxc6 dxc6 10. O-O Bb7 11. f4 Be7 12. Bf3 O-O 13. Qe2 {[%emt 0:02:39] B49: Sicilian: Taimanov: 5 Nc3 Qc7 6 Be3 a6 7 Be2} Rad8 14. Rad1 c5 15. e5 Nd7 $146 ({Predecessor:} 15... Nd5 16. Nxd5 exd5 17. Bf2 d4 18. Bxb7 Qxb7 19. f5 {0-1 (37) Barros,R (2194)-Rodriguez,G (2167) Quibdo 2015}) 16. Bxb7 Qxb7 17. Bc1 Nb6 18. Ne4 Qc6 19. Rfe1 c4 20. Kh1 Nd5 21. Qf3 Qc7 22. Nc3 Nxc3 23. Qxc3 Rxd1 24. Rxd1 f6 25. exf6 Bxf6 26. Qe3 Re8 27. c3 h6 28. Qe4 a5 29. Be3 e5 30. Kg1 Qf7 31. Qd5 exf4 32. Bxf4 Re1+ 33. Kf2 Rxd1 34. Qxd1 g5 35. Bc1 $2 (35. Be3 {was the crucial defense.} Bxc3+ {[%mdl 64] Discovered Attack} 36. Kg1 Bxb2 37. Qd8+ Kg7 38. Bd4+ Bxd4+ 39. Qxd4+ Kf8 40. Qd8+ Qe8 41. Qxa5) 35... Bd4+ {[%emt 0:00:15] Discovered Attack (Double check)} 36. Kg3 Qf2+ 37. Kg4 Qxg2+ {[%emt 0:01:23] Double Attack} 38. Kf5 Qd5+ 39. Kg4 $19 Qe6+ 40. Kh5 Kh7 41. Qf3 Qg6+ 42. Kg4 h5+ 43. Kg3 Be5+ 44. Kg2 Qc2+ 45. Qf2 Qxf2+ 46. Kxf2 Kg6 47. h3 Kf5 48. Be3 Bc7 49. Kf3 g4+ 50. Kg2 Ke4 51. Bc5 Kd3 52. a4 bxa4 53. Ba3 Kc2 54. hxg4 hxg4 55. Kf2 Bf4 0-1

[Event "Asian Zonal-ch 3.5 Women 2019"]
[Site "Zi Bo"]
[Date "2019.09.11"]
[Round "11.11"]
[White "Xue, Yue"]
[Black "Yuan, Ye"]
[Result "0-1"]
[ECO "B41"]
[WhiteElo "1678"]
[BlackElo "2092"]
[Annotator "NA RC"]
[PlyCount "54"]
[EventDate "2019.09.05"]
[EventType "swiss"]
[EventCountry "CHN"]
[SourceTitle "playchess.com"]
[Source "ChessBase"]
[SourceQuality "1"]
[TimeControl "5400+30"]

1. e4 c5 2. Nf3 e6 3. d4 cxd4 4. Nxd4 a6 5. c4 Nf6 6. Nc3 Bb4 7. Bd3 Qc7 8. Nde2 {[%emt 0:03:49] B41: Sicilian: Kan Variation: 5 c4} (8. O-O Nc6 9. Bc2 O-O 10. Kh1 Nxd4 11. Qxd4 Ng4 12. f4 Bc5 13. Qd3 d6 14. e5 f5 15. exf6 Nxf6 16. Ne4 Nxe4 17. Qxe4 {1-0 (36) Perunovic,M (2597)-Damljanovic,B (2495) Skopje 2018}) 8... O-O 9. O-O d6 10. a3 $146 ({Predecessor:} 10. f3 Bc5+ 11. Kh1 Nc6 12. b3 Nd4 13. Bb2 e5 14. Rc1 Bd7 15. Qd2 {1-0 (35) Carey,M-Lawrence,M USA 1976}) 10... Bc5 11. Ng3 Nbd7 12. Kh1 Ne5 13. Be2 Ba7 14. b3 b5 15. f4 Ned7 16. Bb2 bxc4 17. Bxc4 Nb6 18. Bd3 $1 Bb7 19. Rc1 Qe7 20. Qe2 (20. e5 $16 dxe5 21. fxe5) 20... Nbd7 ({Better is} 20... Bb8 $14) 21. b4 Rfd8 22. Bb1 ({Don't play} 22. Bxa6 Bxa6 23. Qxa6 Be3 $15) 22... Nf8 23. e5 dxe5 24. fxe5 Nd5 25. Nce4 {[%emt 0:00:52] [#]} Ng6 $1 26. Nd6 $2 (26. Rf3 $1 $15 Nh4 27. Rff1) 26... Ndf4 27. Nde4 $2 (27. Bxg6 Nxe2 28. Bxf7+ Kh8 29. Nxe2) 27... Nd5 $11 (27... Nxe2 $19 28. Nxe2 Nh4) 0-1

[Event "Asian Zonal-ch 3.5 Women 2019"]
[Site "Zi Bo"]
[Date "2019.09.11"]
[Round "11.12"]
[White "Bai, Xue"]
[Black "Zhao, Caidi"]
[Result "1-0"]
[ECO "B91"]
[WhiteElo "2093"]
[BlackElo "1540"]
[Annotator "NA RC"]
[PlyCount "77"]
[EventDate "2019.09.05"]
[EventType "swiss"]
[EventCountry "CHN"]
[SourceTitle "playchess.com"]
[Source "ChessBase"]
[SourceQuality "1"]
[TimeControl "5400+30"]

1. e4 c5 2. Nf3 d6 3. d4 cxd4 4. Nxd4 Nf6 5. Nc3 a6 6. g3 e5 7. Nde2 Be7 8. Bg2 Be6 9. O-O O-O 10. h3 b5 {[%emt 0:01:29] B91: Sicilian Najdorf: 6 g3} (10... Nbd7 11. g4 Nb6 12. a4 Rc8 13. a5 Nc4 14. Nd5 Nxd5 15. exd5 Bd7 16. Qe1 b6 17. axb6 Nxb6 18. Nc3 {0-1 (42) Predke,A (2573)-Korobov,A (2691) Moscow 2017}) 11. Bg5 Nbd7 12. a3 $146 ({Predecessor:} 12. f4 b4 13. Nd5 Bxd5 14. exd5 Rc8 15. Qd2 h6 16. Bxf6 Bxf6 {0-1 (42) Bai,X (2103)-Buynitskiy,D (2095) Qinhuangdao 2019}) 12... h6 13. Be3 Nb6 14. Bxb6 Qxb6 15. Qd2 Rac8 16. Kh2 Rfd8 17. f4 Bc4 18. Rfe1 Bxe2 19. Rxe2 Rc4 20. Nd1 Bf8 21. c3 Rc5 22. Nf2 Re8 23. f5 Qd8 24. Rd1 Nd7 25. Nd3 Rc8 26. h4 Nc5 ({Black should play} 26... a5 $11) 27. Nb4 Kh7 28. Rf1 f6 29. Nd5 Nd7 {[%emt 0:02:37] [#]} 30. Bf3 $1 Be7 31. Bh5 Rf8 $16 32. Rd1 ({Better is} 32. Qe3) 32... Rc6 33. Nb4 Rb6 34. Bg6+ Kh8 35. Nd5 Rc6 36. Ne3 Rg8 37. Ng4 Qf8 38. Qd5 Qc8 39. Qf7 1-0